[Event "Early-Titled-Tuesday-Blitz-December-26-2023"]
[Site "Chess.com"]
[Date "2023.12.26"]
[Round "6"]
[White "Franmu14"]
[Black "BeardedNM"]
[Result "0-1"]
[WhiteElo "2587"]
[BlackElo "2166"]
[TimeControl "180+1"]
[EndTime "9:04:38 PST"]
[Termination "BeardedNM won by resignation"]

1. e4 e6 2. Nc3 d5 3. exd5 exd5 4. d4 Nf6 5. Bg5 c6 6. Qd3 Be7 7. O-O-O O-O 8. Kb1 Nbd7 9. Nge2 b5 10. Nf4 h6 11. h4 Nb6 12. Bxf6 Bxf6 13. f3 b4 14. Nce2 a5 15. g4 Ba6 16. Qd2 Nc4 17. Qc1 Re8 18. Ng3 a4 19. Nf5 b3 20. cxb3 axb3 21. axb3 Nd6 22. Qxc6 Nxf5 23. Bxa6 Ne3 24. Rc1 Qa5 25.
Nh5 Bxd4 26. Rhe1 Qxa6 27. Qxa6 Rxa6 28. Rcd1 Rea8 29. Kc1 Ra1+ 30. Kd2 Rxd1+ 31. Rxd1 Nxd1 32. Ng3 Nxb2 33. Nf5 Bf6 0-1

[Event "Early-Titled-Tuesday-Blitz-December-26-2023"]
[Site "Chess.com"]
[Date "2023.12.26"]
[Round "6"]
[White "viktorskliarov"]
[Black "viviania"]
[Result "0-1"]
[WhiteElo "2649"]
[BlackElo "2864"]
[TimeControl "180+1"]
[EndTime "9:04:39 PST"]
[Termination "viviania won by resignation"]

1. e4 Nf6 2. Nc3 d5 3. e5 Nfd7 4. Nxd5 Nxe5 5. Ne3 c5 6. f4 Nec6 7. Nf3 g6 8. Bc4 Bg7 9. O-O O-O 10. a3 e6 11. d3 b6 12. Rb1 Bb7 13. b4 Nd4 14.
bxc5 Nxf3+ 15. gxf3 Qc7 16. cxb6 axb6 17. Ng4 Nc6 18.
Be3 Nd4 19. c3 Nf5 20. Bxb6 Qxf4 21. Qc1 Qd6 22. Bf2 Bxf3 23. Ne3 Be5 0-1

[Event "Early-Titled-Tuesday-Blitz-December-26-2023"]
[Site "Chess.com"]
[Date "2023.12.26"]
[Round "6"]
[White "sheldons73tshirt"]
[Black "szefru"]
[Result "1-0"]
[WhiteElo "2507"]
[BlackElo "2271"]
[TimeControl "180+1"]
[EndTime "9:04:42 PST"]
[Termination "sheldons73tshirt won by resignation"]

1. e4 Nf6 2. e5 Nd5 3. c4 Nb6 4. c5 Nd5 5. d4 d6 6. cxd6 exd6 7. Nf3 Be7 8. Bc4 c6 9. O-O O-O 10. h3 dxe5 11. dxe5 Nb6 12. Bb3 Na6 13. Nc3 Nc5 14.
Bc2 Be6 15. Be3 Nc4 16. Bxc5 Bxc5 17. Qb1 h6 18. Rd1 Qb6 19. Ne4 Rad8 20. Bb3 Rxd1+ 21. Qxd1 Nxb2 22. Qc2 Bxb3 23. axb3 Bd4 24. Rb1 f5 25.
exf6 Re8 26. f7+ Kxf7 27. Nd6+ Kf8 28. Nxe8 Kxe8 29. Nxd4 Qxd4 30. Qxb2 1-0

[Event "Early-Titled-Tuesday-Blitz-December-26-2023"]
[Site "Chess.com"]
[Date "2023.12.26"]
[Round "6"]
[White "ploxoi"]
[Black "alvarorodriguezavila"]
[Result "1-0"]
[WhiteElo "2503"]
[BlackElo "2294"]
[TimeControl "180+1"]
[EndTime "9:04:43 PST"]
[Termination "ploxoi won by resignation"]

1. d4 Nf6 2. c4 Nc6 3. Nf3 e6 4. Nc3 Bb4 5. Qc2 O-O 6. g3 d6 7. Bg2 e5 8. e3 exd4 9. exd4 Re8+ 10. Be3 Ng4 11. O-O Nxe3 12. fxe3 Rxe3 13. Nd5 Re8 14.
a3 Ba5 15. h4 h6 16. Rad1 Bb6 17. c5 dxc5 18. dxc5 Bxc5+ 19. Qxc5 Bg4 20. Kh2 Qc8 21.
Qf2 Qf5 22. Nxc7 Rac8 23. Nxe8 Rxe8 24. Rde1 Rd8 25. Ne5 Qe6 26. Nxf7 1-0

[Event "Early-Titled-Tuesday-Blitz-December-26-2023"]
[Site "Chess.com"]
[Date "2023.12.26"]
[Round "6"]
[White "SahibSinghKnight"]
[Black "Road2GM3000"]
[Result "1-0"]
[WhiteElo "2685"]
[BlackElo "2497"]
[TimeControl "180+1"]
[EndTime "9:04:52 PST"]
[Termination "SahibSinghKnight won by checkmate"]

1. e4 c5 2. Nf3 d6 3. d4 cxd4 4.
Nxd4 Nf6 5. Nc3 a6 6. Be3 e5 7. Nf3 Be7 8. Bc4 O-O 9. O-O Be6 10. Bb3 Bxb3 11. axb3 Nbd7 12. b4 Rc8 13. Qd3 Qc7 14.
Nd2 Nb6 15. b5 Nc4 16. bxa6 Nxb2 17. Nd5 Nxd5 18. Qxd5 bxa6 19. Rxa6 Qxc2 20. Ra2 Rb8 21. Rb1 Rb4 22. h3 Rfb8 23. Ra7 Bf8 24. Qxf7+ Kh8 25.
Bh6 R4b7 26. Rxb7 Rxb7 27. Qxf8# 1-0

[Event "Early-Titled-Tuesday-Blitz-December-26-2023"]
[Site "Chess.com"]
[Date "2023.12.26"]
[Round "6"]
[White "albi1999"]
[Black "tantaan"]
[Result "1-0"]
[WhiteElo "2674"]
[BlackElo "2479"]
[TimeControl "180+1"]
[EndTime "9:05:03 PST"]
[Termination "albi1999 won by resignation"]

1. d4 Nf6 2. Nf3 e6 3. c4 Bb4+ 4. Nc3 O-O 5. Bg5 h6 6. Bh4 d5 7. cxd5 exd5 8. e3 Bg4 9. Qb3 c5 10. Ne5 Be6 11. Be2 g5 12. Bg3 Ne4 13. dxc5 Qa5 14.
O-O d4 15. Nd5 Nd2 16. Qxb4 Qxb4 17. Nxb4 Nxf1 18. Bxf1 dxe3 19. fxe3 a5 20. Nc2 f6 21. Nd4 Bd5 22. Bc4 Bxc4 23. Nxc4 Nd7 24. Bd6 Rfe8 25. Rc1 Rac8 26. Nxa5 Rxe3 27. Nxb7 Rd3 28. Nf5 Kf7 29. Bg3 Rd5 30. Nfd6+ 1-0

[Event "Early-Titled-Tuesday-Blitz-December-26-2023"]
[Site "Chess.com"]
[Date "2023.12.26"]
[Round "6"]
[White "Let_it_be_1"]
[Black "LileKoridze"]
[Result "0-1"]
[WhiteElo "2568"]
[BlackElo "2394"]
[TimeControl "180+1"]
[EndTime "9:05:05 PST"]
[Termination "LileKoridze won by resignation"]

1. e4 c5 2. Nf3 d6 3. d4 cxd4 4. Nxd4 Nf6 5. Nc3 a6 6. Be2 e5 7. Nb3 Be7 8. O-O O-O 9. Kh1 b5 10. a4 b4 11. Nd5 a5 12. Be3 Nbd7 13. f4 Bb7 14. fxe5 dxe5 15. Nxe7+ Qxe7 16. Bb5 Rfd8 17.
Bg5 h6 18. Bh4 g5 19. Be1 Nxe4 20. Qe2 Ndc5 21. Nxc5 Nxc5 22. c3 bxc3 23. Bxc3 f6 24. b4 Nb3 25. Bc4+ Bd5 26. Bxd5+ Rxd5 27. Qc4 Qf7 28.
Rxf6 Rd1+ 0-1

[Event "Early-Titled-Tuesday-Blitz-December-26-2023"]
[Site "Chess.com"]
[Date "2023.12.26"]
[Round "6"]
[White "JimDiGrease"]
[Black "combidharma"]
[Result "1-0"]
[WhiteElo "2981"]
[BlackElo "2780"]
[TimeControl "180+1"]
[EndTime "9:05:09 PST"]
[Termination "JimDiGrease won by resignation"]

1. d4 Nf6 2. c4 d6 3. Nf3 g6 4. Nc3 Bg7 5. e4 O-O 6. Be2 e5 7. O-O exd4 8. Nxd4 Re8 9. f3 c6 10. Kh1 d5 11. cxd5 cxd5 12. Bg5 Nc6 13. Bb5 Bd7 14. Nxd5 h6 15. Bxf6 Bxf6 16. Bxc6 bxc6 17. Nxf6+ Qxf6 18. Qd2 Red8 19. Qc3 c5 20. Ne2 Qb6 21. Rfd1 Be6 22. b3 c4 23. bxc4 Rxd1+ 24. Rxd1 Rc8 25. Nf4 Rxc4 26. Qf6 Rc8 27. Nxe6 Qxe6 28. Qxe6 fxe6 29. h3 Rc7 30. Rd6 Kf7 31. Ra6 Kf6 32. Kh2 Ke5 33.
Kg3 g5 34. Kg4 Rc2 35. g3 Rc7 36. h4 gxh4 37. Kxh4 Rc3 38. f4+ Kxe4 39. Rxe6+ Kf5 40. Rxh6 Rc2 41. Rh5+ Kf6 42. Ra5 1-0

[Event "Early-Titled-Tuesday-Blitz-December-26-2023"]
[Site "Chess.com"]
[Date "2023.12.26"]
[Round "6"]
[White "RamyresCoelho"]
[Black "GiorgianBarbosa"]
[Result "0-1"]
[WhiteElo "2295"]
[BlackElo "2490"]
[TimeControl "180+1"]
[EndTime "9:05:10 PST"]
[Termination "GiorgianBarbosa won by resignation"]

1. e4 c5 2. Nf3 d6 3. d4 cxd4 4. Nxd4 Nf6 5. Nc3 g6 6. f4 Bg7 7. e5 Nh5 8. Bb5+ Bd7 9. e6 fxe6 10. Nxe6 Bxc3+ 11. bxc3 Qc8 12. Bxd7+ Kxd7 13. Ng5 Qxc3+ 14. Bd2 Qc5 15. Rc1 Nc6 16. Qe2 Nd4 17. Qg4+ Nf5 18. Ne4 Qc4 19. Ng5 Nf6 20. Qf3 Qc6 21. Qe2 Nd4 22.
Qe3 Qxg2 23. Rg1 Qd5 24. c4 Qc5 25. Rf1 Rhe8 26. Bc3 Nc2+ 0-1

[Event "Early-Titled-Tuesday-Blitz-December-26-2023"]
[Site "Chess.com"]
[Date "2023.12.26"]
[Round "6"]
[White "SirStrateg"]
[Black "CarlosjPineror"]
[Result "1-0"]
[WhiteElo "2671"]
[BlackElo "2498"]
[TimeControl "180+1"]
[EndTime "9:05:13 PST"]
[Termination "SirStrateg won by resignation"]

1. d4 Nf6 2. Bg5 Ne4 3. Bf4 c5 4. d5 Qb6 5. Qc1 g6 6. f3 Nf6 7. e4 d6 8. a4 Nh5 9. a5 Qc7 10.
Be3 Bg7 11. g4 Nf6 12. Nd2 O-O 13. h4 e6 14. c4 h5 15. g5 Nfd7 16. Nh3 Na6 17.
Nf4 e5 18. Nd3 f6 19. Bh3 Ndb8 20. Bg2 f5 21. exf5 gxf5 22. f4 e4 23. Nf2 Nb4 24. Ke2 N8a6 25. Nf1 Bd7 26. Ng3 b5 27. axb6 axb6 28.
Nxh5 b5 29. Nxg7 Kxg7 30. Qc3+ Kg8 31. b3 bxc4 32. bxc4 Nxd5 33. cxd5 Bb5+ 34. Kd2 Nb4 35. Rxa8 Rxa8 36. Ra1 Rxa1 37. Qxa1 Nxd5 38. Bxe4 fxe4 39. Nxe4 Qe7 40. Qa8+ 1-0

[Event "Early-Titled-Tuesday-Blitz-December-26-2023"]
[Site "Chess.com"]
[Date "2023.12.26"]
[Round "6"]
[White "disciplinedbrat"]
[Black "TheFireChess"]
[Result "0-1"]
[WhiteElo "2298"]
[BlackElo "2516"]
[TimeControl "180+1"]
[EndTime "9:05:15 PST"]
[Termination "TheFireChess won by resignation"]

1. e4 c6 2. d4 d5 3. e5 c5 4. dxc5 Nc6 5. Nf3 Bg4 6. Bb5 e6 7. a3 Bxc5 8. O-O Ne7 9. c4 dxc4 10. Qxd8+ Rxd8 11. Nfd2 a6 12. Bxc6+ Nxc6 13. Nxc4 Be2 14. Nbd2 Bxf1 15. Kxf1 b5 16. Ne4 bxc4 17. Nxc5 Nxe5 18.
Bf4 Nd3 19. Nxd3 cxd3 20. Re1 Ke7 21. Rc1 Rd7 22. Ke1 f6 23. Kd2 e5 24. Be3 Rb8 25.
b4 Ke6 26. Rc6+ Rd6 27. Rc7 a5 28. Bc5 Rd7 29. Rc6+ Kd5 30. Ra6 axb4 31. axb4 e4 32. Ra5 Kc4 33. Ra3 f5 34. g3 g6 35. h4 Rdd8 36. Rc3+ Kb5 37. Rc1 Ra8 38. h5 Ra2+ 39. Ke3 Re2+ 40. Kf4 d2 41. Rd1 Re1 0-1

[Event "Early-Titled-Tuesday-Blitz-December-26-2023"]
[Site "Chess.com"]
[Date "2023.12.26"]
[Round "6"]
[White "Aradhya2000"]
[Black "Aslanov_Umid"]
[Result "1-0"]
[WhiteElo "2710"]
[BlackElo "2559"]
[TimeControl "180+1"]
[EndTime "9:05:20 PST"]
[Termination "Aradhya2000 won by resignation"]

1. d4 d5 2. c4 e6 3. Nc3 Be7 4.
Bf4 Nf6 5. e3 O-O 6. a3 b6 7.
Nf3 Bb7 8. cxd5 Nxd5 9. Nxd5 Bxd5 10. Bd3 c5 11. dxc5 bxc5 12. O-O Bf6 13. Rc1 Bxb2 14. Bxh7+ Kh8 15. Ng5 g6 16. Rxc5 Bf6 17. Nxf7+ Rxf7 18. Bxg6 Rg7 19. Qh5+ Kg8 20. Rd1 Nd7 21. Rcxd5 exd5 22. Qxd5+ Kh8 23. Qh5+ Kg8 24. Be4 Ne5 25. Rxd8+ Rxd8 26. h3 Nf7 27. Bd5 Kf8 28. e4 Ke7 29. Qf5 Ng5 30. e5 Nxh3+ 31. Qxh3 Rxd5 32. exf6+ Kxf6 33. Qf3 Rf5 34. g4 Ke7 35. Qe4+ 1-0

[Event "Early-Titled-Tuesday-Blitz-December-26-2023"]
[Site "Chess.com"]
[Date "2023.12.26"]
[Round "6"]
[White "SARGISMV"]
[Black "Zurability"]
[Result "0-1"]
[WhiteElo "2527"]
[BlackElo "2700"]
[TimeControl "180+1"]
[EndTime "9:05:27 PST"]
[Termination "Zurability won on time"]

1. d4 Nf6 2. c4 e6 3. Nc3 Bb4 4. e3 O-O 5. Ne2 Re8 6. a3 Bf8 7.
e4 d6 8. Ng3 e5 9. d5 c6 10. Be2 cxd5 11. cxd5 g6 12. O-O h5 13.
Bg5 Be7 14. h4 Nh7 15. f4 exf4 16. Bxe7 Qxe7 17. Rxf4 Nd7 18. Qd2 Ne5 19. Raf1 Rf8 20. Nb5 Bg4 21. Bxg4 Nxg4 22. Rxg4 hxg4 23. Qh6 Qe5 24.
Rf4 a6 25. Nc3 Qg7 26. Qxg7+ Kxg7 27. Rxg4 Nf6 28. Rf4 Rfe8 0-1

[Event "Early-Titled-Tuesday-Blitz-December-26-2023"]
[Site "Chess.com"]
[Date "2023.12.26"]
[Round "6"]
[White "JAN2404"]
[Black "MANOJ_MISHRA123"]
[Result "0-1"]
[WhiteElo "1953"]
[BlackElo "2294"]
[TimeControl "180+1"]
[EndTime "9:05:28 PST"]
[Termination "MANOJ_MISHRA123 won by resignation"]

1. e4 Nf6 2. Nc3 d6 3. Nf3 e5 4. d4 Nbd7 5. Be2 Be7 6. O-O Bf8 7. Re1 Be7 8. Be3 h6 9. dxe5 dxe5 10. Bc4 c6 11. Nh4 Nb6 12. Bxb6 Qxb6 13. Nf5 Bxf5 14. exf5 O-O 15. Bb3 Bc5 16. Qf3 Rad8 17. Rxe5 Bd4 18. Na4 Bxf2+ 19. Kf1 Qd4 20. Re2 Ng4 21. Rxf2 Nxh2+ 0-1

[Event "Early-Titled-Tuesday-Blitz-December-26-2023"]
[Site "Chess.com"]
[Date "2023.12.26"]
[Round "6"]
[White "isaak2009"]
[Black "laskakid"]
[Result "1-0"]
[WhiteElo "2611"]
[BlackElo "2370"]
[TimeControl "180+1"]
[EndTime "9:05:33 PST"]
[Termination "isaak2009 won by checkmate"]

1. e4 e5 2. Nf3 Nc6 3. Nc3 Nf6 4. a3 g6 5. Bc4 Bg7 6. d3 O-O 7. Be3 d6 8. h3 Ne7 9. Qd2 c5 10. O-O-O a6 11. Bh6 b5 12. Bb3 b4 13. axb4 cxb4 14. Nd5 Nexd5 15. exd5 Qa5 16. Kb1 Nxd5 17. Bxg7 Kxg7 18.
h4 h5 19. d4 e4 20. Ng5 Bf5 21. Rde1 Rfe8 22. g4 Bxg4 23. Rhg1 Bf5 24. Rg3 Qb5 25.
Reg1 a5 26. Nxf7 Kxf7 27. Rxg6 Bxg6 28. Qg5 Rg8 29. Bxd5+ Kg7 30. Qxg6+ Kf8 31. Qf7# 1-0

[Event "Early-Titled-Tuesday-Blitz-December-26-2023"]
[Site "Chess.com"]
[Date "2023.12.26"]
[Round "6"]
[White "stollenmonster"]
[Black "Witik"]
[Result "1/2-1/2"]
[WhiteElo "2921"]
[BlackElo "2740"]
[TimeControl "180+1"]
[EndTime "9:05:34 PST"]
[Termination "Game drawn by repetition"]

1. c4 e5 2. Nc3 Nf6 3. g3 Bb4 4. Bg2 Bxc3 5. dxc3 d6 6. e4 Nc6 7. Ne2 Be6 8. b3 Qd7 9. h3 Ng8 10. Be3 Nge7 11. g4 h5 12. g5 Ng6 13. h4 O-O-O 14. Ng3 Nf4 15. Bxf4 exf4 16. Nf5 g6 17. Nd4 Ne5 18.
Qd2 Kb8 19. O-O-O c5 20. Nxe6 fxe6 21. Qxf4 Rhf8 22. Qg3 Qf7 23. f3 Qf4+ 24. Qxf4 Rxf4 25. Rh3 Kc7 26. Kd2 Rdf8 27. Ke3 a6 28. a4 a5 29. Rd2 b6 30. Rd1 Kd7 31. Rd2 Kc7 32. Rd1 Kd7 33. Rd2 Kc7 1/2-1/2

[Event "Early-Titled-Tuesday-Blitz-December-26-2023"]
[Site "Chess.com"]
[Date "2023.12.26"]
[Round "6"]
[White "rachidhuilda"]
[Black "The_Straightforward_Rook"]
[Result "1-0"]
[WhiteElo "2360"]
[BlackElo "2509"]
[TimeControl "180+1"]
[EndTime "9:05:37 PST"]
[Termination "rachidhuilda won by resignation"]

1. d4 d5 2. Nf3 Nf6 3. c4 c6 4. Nc3 e6 5. Bg5 h6 6. Bxf6 Qxf6 7.
Qc2 g6 8. e4 dxe4 9. Nxe4 Qd8 10. Bd3 Bg7 11. O-O O-O 12. Rad1 Na6 13. a3 Qe7 14. b4 Nc7 15. Rfe1 a5 16. Qb3 axb4 17.
axb4 b5 18. c5 Nd5 19. Nd6 Ra4 20. Bxb5 Rxb4 21. Qa2 cxb5 22. Qxd5 exd5 23. Rxe7 Be6 24.
c6 g5 25. c7 Bf6 26. Rxe6 fxe6 27. c8=Q Rxc8 28. Nxc8 g4 29. Ne5 Bxe5 30. dxe5 Rc4 31.
Nd6 Rc2 32. Nxb5 Kf7 33. Kf1 Kg6 34. Nd4 Rb2 35. Nxe6 Kf5 36. Nc5 Rc2 37. Nd3 h5 38. Re1 h4 39. e6 Rc8 40. e7 Re8 41. Nc5 d4 42. f3 g3 43. hxg3 hxg3 44. Re4 Kf6 45.
Ke2 Rxe7 46. Rxe7 Kxe7 47. Kd3 1-0

[Event "Early-Titled-Tuesday-Blitz-December-26-2023"]
[Site "Chess.com"]
[Date "2023.12.26"]
[Round "6"]
[White "severomorskij"]
[Black "Matols"]
[Result "1-0"]
[WhiteElo "2867"]
[BlackElo "2384"]
[TimeControl "180+1"]
[EndTime "9:05:37 PST"]
[Termination "severomorskij won by resignation"]

1. d4 d5 2. c4 e6 3. Nc3 Nf6 4. Bg5 dxc4 5. e3 c5 6. Bxc4 cxd4 7. exd4 Be7 8. Nf3 O-O 9. Qe2 a6 10. O-O-O b5 11. Bb3 b4 12. Na4 Nbd7 13. Kb1 Bb7 14. Ne5 Bd5 15. Bxd5 Nxd5 16. Nc6 Qe8 17. Nxe7+ Nxe7 18. Bxe7 Qxe7 19. d5 e5 20. d6 Qe6 21. Rhe1 Rfc8 22.
Qe4 b3 23. a3 Rab8 24. Nc3 Rxc3 25. bxc3 b2 26. Qc2 Qc4 27. Re4 Qc5 28. Rb4 Rc8 29. Qxb2 a5 30. Rb7 Qc6 31. Rc7 Qe4+ 32. Ka1 Rb8 33.
Qxb8+ 1-0

[Event "Early-Titled-Tuesday-Blitz-December-26-2023"]
[Site "Chess.com"]
[Date "2023.12.26"]
[Round "6"]
[White "Chempiblinka"]
[Black "Dinosaurio_1975"]
[Result "0-1"]
[WhiteElo "2276"]
[BlackElo "2611"]
[TimeControl "180+1"]
[EndTime "9:05:43 PST"]
[Termination "Dinosaurio_1975 won by checkmate"]

1. Nf3 d5 2. c4 e6 3. g3 Nf6 4.
Bg2 Be7 5. O-O O-O 6. d4 c6 7.
Nbd2 b6 8. Qc2 c5 9. cxd5 exd5 10. dxc5 bxc5 11. e3 Nc6 12. a3 Qb6 13. Rd1 g6 14.
b3 Bf5 15. Qc3 Ng4 16. Bb2 Bf6 17. Qc1 Rfd8 18. h3 Nge5 19. Nxe5 Nxe5 20. Nf3 Nd3 21. Rxd3 Bxb2 22. Qxb2 Bxd3 23. Ne5 Bf5 24. Rd1 Qe6 25. g4 Be4 26. f3 Bc2 27. Qxc2 Qxe5 28. Qxc5 Qd6 29.
Qd4 Qxa3 30. f4 Qxb3 31. Bxd5 Rxd5 32. Qxd5 Qxe3+ 33. Kg2 Qe2+ 34. Kg1 Re8 35. f5 Qe3+ 36. Kg2 Qf4 37. fxg6 Re2+ 38. Kg1 Qh2+ 39. Kf1 Qf2# 0-1

[Event "Early-Titled-Tuesday-Blitz-December-26-2023"]
[Site "Chess.com"]
[Date "2023.12.26"]
[Round "6"]
[White "MrrRefrao"]
[Black "Iball95"]
[Result "0-1"]
[WhiteElo "2561"]
[BlackElo "2804"]
[TimeControl "180+1"]
[EndTime "9:05:44 PST"]
[Termination "Iball95 won by checkmate"]

1. Nf3 d5 2. g3 Nf6 3. Bg2 c5 4. O-O e6 5. d4 Nc6 6. c4 Be7 7. cxd5 exd5 8. dxc5 Bxc5 9. Nc3 O-O 10. Na4 Be7 11. Be3 Bg4 12. Rc1 Re8 13. Bc5 h6 14.
Re1 Rc8 15. Nd4 Bxc5 16. Nxc5 Nxd4 17. Qxd4 b6 18. Nd3 Rxc1 19. Nxc1 Qd7 20. e3 Bh3 21. Bh1 Qf5 22. Nd3 Rc8 23. Nf4 Rc2 24. Rd1 Ng4 25. Nxh3 Nxf2 26. Nf4 Nxd1 27. Qxd1 Rxb2 28. Nxd5 Qf2# 0-1

[Event "Early-Titled-Tuesday-Blitz-December-26-2023"]
[Site "Chess.com"]
[Date "2023.12.26"]
[Round "6"]
[White "robertoalejandro10"]
[Black "Onischuk_V"]
[Result "0-1"]
[WhiteElo "2535"]
[BlackElo "2711"]
[TimeControl "180+1"]
[EndTime "9:05:46 PST"]
[Termination "Onischuk_V won by resignation"]

1. Nf3 g6 2. c4 Bg7 3. g3 d6 4.
Bg2 Nf6 5. O-O O-O 6. Nc3 Nc6 7. b3 e5 8. Bb2 Re8 9. d3 e4 10. dxe4 Nxe4 11. Rc1 Bf5 12. Re1 Nxc3 13. Bxc3 Bxc3 14. Rxc3 Qf6 15. Qd2 Be4 16. h4 d5 17. cxd5 Bxd5 18. Re3 Rxe3 19. Qxe3 Rd8 20. Rd1 Be6 21. Rxd8+ Qxd8 22. h5 gxh5 23. Qh6 Qd1+ 24. Kh2 Qxe2 25. Ng5 Bf5 26.
Qf6 Bg6 27. Bd5 Ne5 28. Kg2 c6 29. Bc4 Nxc4 30. Qd8+ Kg7 31. bxc4 Qxc4 0-1

[Event "Early-Titled-Tuesday-Blitz-December-26-2023"]
[Site "Chess.com"]
[Date "2023.12.26"]
[Round "6"]
[White "Slovak_fighter2000"]
[Black "NowInChess"]
[Result "1-0"]
[WhiteElo "2509"]
[BlackElo "2297"]
[TimeControl "180+1"]
[EndTime "9:05:46 PST"]
[Termination "Slovak_fighter2000 won on time"]

1. a3 g6 2. c4 Bg7 3. Nc3 d6 4.
g3 e5 5. Bg2 f5 6. d3 Nf6 7.
Nf3 O-O 8. O-O a5 9. Bg5 h6 10. Bxf6 Qxf6 11. Nd5 Qf7 12. Nd2 c6 13. Nc3 Nd7 14. b4 axb4 15. axb4 Rxa1 16. Qxa1 Nf6 17. b5 c5 18. Nd5 Nxd5 19. cxd5 e4 20. Qa3 Qxd5 21.
Nc4 Qd4 22. Nb6 Be6 23. dxe4 fxe4 24. Qa7 Rf7 25. Qb8+ Kh7 26. e3 Qd2 27. Bxe4 Bh3 28. Bg2 Bxg2 29. Kxg2 d5 30. Qc8 d4 31. Qxc5 dxe3 32. Qxe3 Qb4 33. Qd3 Bd4 34. Nd5 Qc5 35. Nf4 Qd6 36. Rd1 1-0

[Event "Early-Titled-Tuesday-Blitz-December-26-2023"]
[Site "Chess.com"]
[Date "2023.12.26"]
[Round "6"]
[White "KorolDimitriy75"]
[Black "PawnEatingZombie"]
[Result "1-0"]
[WhiteElo "2360"]
[BlackElo "2152"]
[TimeControl "180+1"]
[EndTime "9:05:52 PST"]
[Termination "KorolDimitriy75 won on time"]

1. d4 e6 2. c4 b6 3. Nc3 Bb4 4. Qc2 Bb7 5. e4 Qh4 6. Bd3 Bxc3+ 7. bxc3 d6 8. Nf3 Qh5 9. O-O Nd7 10. Be3 e5 11. Rab1 Ngf6 12. c5 O-O 13. h3 Rab8 14.
cxd6 cxd6 15. Nd2 d5 16. f3 Rbc8 17. Qb3 dxe4 18. fxe4 Rfe8 19. Rf5 Qg6 20. Rbf1 exd4 21. cxd4 Nxe4 22. Rxf7 1-0

[Event "Early-Titled-Tuesday-Blitz-December-26-2023"]
[Site "Chess.com"]
[Date "2023.12.26"]
[Round "6"]
[White "newyorkmouse"]
[Black "kakarot_001"]
[Result "1-0"]
[WhiteElo "2488"]
[BlackElo "2644"]
[TimeControl "180+1"]
[EndTime "9:05:54 PST"]
[Termination "newyorkmouse won by checkmate"]

1. a4 e5 2. h4 d5 3. h5 Nf6 4. a5 Bc5 5. e3 O-O 6. d4 exd4 7. exd4 Re8+ 8. Be2 Bd6 9. h6 g6 10. Nf3 Ne4 11.
Nbd2 Nd7 12. Nxe4 dxe4 13. Nd2 e3 14. fxe3 Nf6 15. Nf1 Ne4 16. Qd3 Bf5 17. Qb3 Qg5 18. Bf3 Ng3 19. Nxg3 Bxg3+ 20. Kf1 Rad8 21. Ra4 c5 22. d5 Qf6 23. Qc3 Qa6+ 24. Qc4 Qd6 25. Bd2 a6 26. Qc3 Be5 27. Qb3 Bd7 28. Rah4 c4 29.
Qb4 Qf6 30. Ke2 Bb5 31. Bc3 Qg5 32. Bxe5 Qxe5 33. Qc3 Rxd5 34. Bxd5 Qxd5 35. Qg7# 1-0

[Event "Early-Titled-Tuesday-Blitz-December-26-2023"]
[Site "Chess.com"]
[Date "2023.12.26"]
[Round "6"]
[White "Flameboard08"]
[Black "Agibileg"]
[Result "1-0"]
[WhiteElo "2567"]
[BlackElo "2691"]
[TimeControl "180+1"]
[EndTime "9:05:56 PST"]
[Termination "Flameboard08 won by checkmate"]

1. f4 b6 2. Nf3 Bb7 3. d3 d5 4. g3 Nd7 5. Bg2 c5 6. O-O Qc7 7. Nbd2 Ngf6 8. h3 e5 9. fxe5 Nxe5 10. e4 O-O-O 11. exd5 Nxd5 12. Nxe5 Qxe5 13. Qg4+ f5 14.
Rxf5 Qe3+ 15. Kh2 Kb8 16. Nc4 Qe6 17. Bf4+ Nxf4 18. Qxf4+ Bd6 19. Nxd6 Qxd6 20. Re1 Bxg2 21. Kxg2 Qxf4 22. Rxf4 Rd7 23. Rfe4 Kc7 24. Re7 Kd8 25. R7e4 Rf8 26. a4 Rdf7 27. R1e2 Kd7 28. a5 b5 29. Re5 Kd6 30. Re6+ Kd5 31. R2e5+ Kd4 32. Re4+ Kd5 33. c4+ bxc4 34. dxc4# 1-0

[Event "Early-Titled-Tuesday-Blitz-December-26-2023"]
[Site "Chess.com"]
[Date "2023.12.26"]
[Round "6"]
[White "NovozhilovSemen"]
[Black "tetrix83"]
[Result "1-0"]
[WhiteElo "2766"]
[BlackElo "2570"]
[TimeControl "180+1"]
[EndTime "9:05:57 PST"]
[Termination "NovozhilovSemen won by resignation"]

1. d4 Nf6 2. Nf3 g6 3. Nc3 Bg7 4. e4 d6 5. Be3 Nbd7 6. Qd2 e5 7. dxe5 dxe5 8. O-O-O Ng4 9. Bg5 Bf6 10. Bxf6 Ngxf6 11.
Nxe5 O-O 12. h4 Qe7 13. Nxd7 Bxd7 14. f3 Rad8 15. Bd3 h5 16. Qf4 Be6 17. Qg5 Rfe8 18. Be2 a6 19. Rxd8 Qxd8 20. g4 hxg4 21. fxg4 Nxg4 22.
Bxg4 Qxg5+ 23. hxg5 Bxg4 24. Nd5 Re5 25. Nf6+ Kf8 26. Nxg4 Rxg5 27. Nf6 Rg2 28. Rf1 c6 29. Nd7+ Ke7 30. Nc5 b6 31. Nxa6 Ke6 32. Nb4 c5 33. Nd5 g5 34. Rf6+ Ke5 35. Rxf7 Kxe4 36. Nxb6 g4 37. Nc4 Kd4 38. Rf4+ Kd5 39. Ne3+ Ke5 40. Nxg2 1-0

[Event "Early-Titled-Tuesday-Blitz-December-26-2023"]
[Site "Chess.com"]
[Date "2023.12.26"]
[Round "6"]
[White "bubeliang"]
[Black "FoxOnTheRun97"]
[Result "1-0"]
[WhiteElo "2774"]
[BlackElo "2571"]
[TimeControl "180+1"]
[EndTime "9:05:59 PST"]
[Termination "bubeliang won by checkmate"]

1. e4 c6 2. d4 d5 3. e5 Bf5 4. h4 h5 5. Bd3 Bxd3 6. Qxd3 e6 7.
Nd2 Qb6 8. c4 Ne7 9. Ne2 Qa6 10.
O-O Nd7 11. b3 Nf5 12. Nf3 Be7 13. g3 O-O-O 14. Qc2 Kb8 15. Nf4 g5 16. hxg5 Rdg8 17. cxd5 cxd5 18. Nxd5 Rc8 19. Qe4 Qc6 20. Nf6 Qxe4 21.
Nxe4 Nb6 22. Bf4 Nd5 23. Rad1 Rc2 24. Nf6 Nxf4 25. gxf4 Rd8 26. Nxh5 Rxa2 27. Nf6 a5 28. d5 exd5 29. Nxd5 Bc5 30. Nc3 Rxd1 31. Nxa2 Rd3 32. Kg2 Rxb3 33. Nc1 Rb2 34. Nd3 Ne3+ 35. Kh3 Nxf1 36.
Nxb2 Bxf2 37. Kg2 Be3 38. Kxf1 Bxf4 39. Nd3 Be3 40. Ke2 Ba7 41. e6 fxe6 42. g6 a4 43. g7 a3 44. g8=Q+ Kc7 45. Qxe6 Bb6 46. Nb4 Bc5 47.
Nd5+ Kb8 48. Qe8+ Ka7 49. Qa4+ Kb8 50. Ne5 a2 51. Nd7+ Kc8 52. Nxc5 b5 53. Qa8# 1-0

[Event "Early-Titled-Tuesday-Blitz-December-26-2023"]
[Site "Chess.com"]
[Date "2023.12.26"]
[Round "6"]
[White "thechesscorner64"]
[Black "RebecaJimnz"]
[Result "0-1"]
[WhiteElo "2418"]
[BlackElo "2275"]
[TimeControl "180+1"]
[EndTime "9:06:03 PST"]
[Termination "RebecaJimnz won by checkmate"]

1. e4 c5 2. Nf3 Nc6 3. Bb5 g6 4. O-O Bg7 5. c3 Nf6 6. d4 cxd4 7. cxd4 d5 8. e5 Ne4 9. Nc3 Nxc3 10. bxc3 O-O 11. a4 Bg4 12. h3 Bxf3 13. Qxf3 Rc8 14. Rb1 Qd7 15. Qg3 e6 16. f4 a6 17. Bd3 Na5 18.
Bd2 Nc4 19. Bxc4 Rxc4 20. a5 Rfc8 21. h4 Ra4 22. h5 Rxa5 23. f5 exf5 24. Rfe1 Ra2 25.
Bg5 b5 26. Bf6 Qe6 27. Qg5 Rc2 28. Re3 R2xc3 29. Rxc3 Rxc3 30. Bxg7 Kxg7 31. h6+ Kf8 32. Qd8+ Qe8 33. Qf6 Rc8 34. e6 Qxe6 35. Qh8+ Ke7 36. Qxh7 Qe3+ 37. Kh1 Qxd4 38. Re1+ Kd6 39. Qxf7 Qh4+ 40.
Kg1 Qxe1+ 41. Kh2 Qh4+ 42. Kg1 Rc1# 0-1